 Dungeon Crawl Stone Soup version 0.23.2-40-g277498a001 (webtiles) character file.

Game seed: 13349766719369409251

72 FishyPogo the Insei (level 4, -3/33 HPs)
             Began as a Merfolk Transmuter on Aug 13, 2019.
             Slain by an ice beast (10 damage)
             ... on level 2 of the Dungeon.
             The game lasted 00:08:06 (2034 turns).

FishyPogo the Insei (Merfolk Transmuter)            Turns: 2034, Time: 00:08:07

Health: -3/33      AC:  3    Str: 10    XL:     4   Next: 25%
Magic:  4/7        EV: 14    Int: 12    God:
Gold:   36         SH:  0    Dex: 15    Spells: 3/7 levels left

rFire    . . .     SeeInvis .     - Unarmed
rCold    . . .     Gourm    .   (no shield)
rNeg     . . .     Faith    .   b - +0 robe
rPois    .         Spirit   .   (no helmet)
rElec    .         Reflect  .   e - +0 cloak
rCorr    .         Harm     .   (no gloves)
MR       .....                  (no boots)
Stlth    +.........             (no amulet)
HPRegen  0.11/turn              (no ring)
MPRegen  0.10/turn              (no ring)

@: appendage
A: change form in water, swift swim, stealthy swim, horns 2
a: End Transformation


You were on level 2 of the Dungeon.
You were not hungry.
You had grown temporary horns.
You visited 1 branch of the dungeon, and saw 2 of its levels.

You collected 36 gold pieces.

Inventory:

Missiles
 a - 12 arrows
 h - 56 stones (quivered)
Armour
 b - a +0 robe (worn)
 e - a +0 cloak (worn)
Jewellery
 j - an uncursed ring of fire {unknown}
Wands
 k - a wand of random effects (17)
Scrolls
 c - a scroll of teleportation {unknown}
 l - a scroll of remove curse {unknown}
 m - a scroll of magic mapping {unknown}
Potions
 g - a potion of mutation {unknown}
 i - a potion of heal wounds
Comestibles
 d - 3 rations
 f - 2 chunks of flesh


   Skills:
 + Level 2.0 Fighting
 + Level 3.4 Dodging
 * Level 4.0 Unarmed Combat
 + Level 2.3 Spellcasting
 * Level 3.4 Transmutations
 + Level 0.4 Poison Magic


You had 3 spell levels left.
You knew the following spells:

 Your Spells              Type           Power        Failure   Level  Hunger
a - Beastly Appendage     Tmut           #.....       6%          1    ##.....
b - Spider Form           Tmut/Pois      #.........   34%         3    ####...

Your spell library contained the following spells:

 Spells                   Type           Power        Failure   Level  Hunger
 Sticks to Snakes         Tmut           #.......     10%         2    ###....
 Ice Form                 Ice/Tmut       #.......     78%         4    #####..
 Blade Hands              Tmut           #.........   87%         5    ######.


Dungeon Overview and Level Annotations

Branches:
Dungeon (2/15)

Altars:


Innate Abilities, Weirdness & Mutations

You revert to your normal form in water You are very nimble and swift while swimming.
You are very stealthy in the water. (Stealth+)
You have a pair of horns on your head.


Message History

The ice beast closely misses you.
Casting: Spider Form (safe; 34% risk of failure)
Confirm with . or Enter, or press ? or * to list all spells.
You grow a pair of large bovine horns.
The ice beast closely misses you.
You hit the ice beast but do no damage. Your headbutt misses the ice beast.
The ice beast is almost dead.
The ice beast hits you but does no damage.
You hit the ice beast but do no damage.
The ice beast is almost dead.
The ice beast hits you but does no damage.
You closely miss the ice beast. Your headbutt misses the ice beast.
The ice beast is almost dead.
The ice beast hits you. The ice beast freezes you!
* * * LOW HITPOINT WARNING * * *
You barely miss the ice beast.
The ice beast is almost dead.
The ice beast hits you.
* * * LOW HITPOINT WARNING * * *
The ice beast freezes you!
You die...

#... ### #... #<#
######## #... #.#
.......###... #.#
#>....'... #.#
#.#.###... #.#
####.#...#### #Y#
.....###.###.
##@#######.........
#............###.#.
######...........#.
#^..........#.
#...........##
#..........##
#..........#
#..........#
#..........#


You could see an ice beast.

Vanquished Creatures
  2 adders (D:2)
  A gnoll (D:1)
  2 oozes (D:2)
  A worm (D:2)
  A dart slug (D:2)
  2 ball pythons
  2 giant cockroaches
  6 hobgoblins
  5 kobolds
  A quokka (D:2)
  3 bats
  2 frilled lizards
  3 goblins (D:1)
  A rat (D:1)
32 creatures vanquished.

Notes
Turn   | Place    | Note
-------+----------+-------------------------------------------
     0 | D:1      | FishyPogo the Merfolk Transmuter began the quest for the
                  | Orb.
     0 | D:1      | Reached XP level 1. HP: 15/15 MP: 3/3
   289 | D:1      | Reached XP level 2. HP: 21/21 MP: 1/5
   909 | D:1      | Reached XP level 3. HP: 26/26 MP: 4/6
  1107 | D:1      | Learned a level 3 spell: Spider Form
  1772 | D:2      | Reached XP level 4. HP: 30/33 MP: 3/7
  1796 | D:2      | Reached skill level 4 in Unarmed Combat
  2015 | D:2      | Noticed an ice beast
  2034 | D:2      | Slain by an ice beast

Skill      XL: |  1  2  3  4 |
---------------+-------------+-----
Dodging        | 3 |  3.4
Transmutations | 3 |  3.4
Fighting       | 2 |  2.0
Unarmed Combat | 4 |  4.0
Spellcasting   | |  2.3
Poison Magic   | |  0.4

Action                   |  1- 3 |  4- 6 || total
-------------------------+-------+-------++-------
Melee: Unarmed           |    88 |    38 ||   126
       Headbutt          |     9 |     1 ||    10
       Punch             |     1 |       ||     1
Throw: Stone             |    10 |     4 ||    14
 Cast: Beastly Appendage |    14 |     2 ||    16
       Spider Form       |     2 |     1 ||     3
  Use: Potion            |     1 |       ||     1
 Stab: Sleeping          |     5 |       ||     5
  Eat: Chunk             |     3 |     1 ||     4
Armor: Robe              |    19 |     6 ||    25
       Skin              |       |     1 ||     1
Dodge: Dodged            |    45 |    28 ||    73
